 Dungeon Crawl Stone Soup version 0.25.0-9-g26727b657a (webtiles) character file.

Game seed: 4324966362527296776

169 Flugkiller the Shield-Bearer (level 5, -1/49 HPs)
             Began as a Deep Dwarf Fighter on June 20, 2020.
             Killed from afar by an orc wizard (6 damage)
             ... with a puff of flame
             ... on level 4 of the Dungeon.
             The game lasted 00:00:32 (273 turns).

Flugkiller the Shield-Bearer (Deep Dwarf Fighter)    Turns: 273, Time: 00:00:32

Health: -1/49      AC:  8    Str: 20    XL:     5   Next: 25%
Magic:  5/5        EV:  7    Int:  9    God:
Gold:   9          SH:  9    Dex: 12    Spells: 4/4 levels left

rFire    . . .     SeeInvis .   a - +0 war axe
rCold    . . .     Gourm    .   c - +0 kite shield
rNeg     . . .     Faith    .   b - +0 scale mail
rPois    .         Spirit   .   (no helmet)
rElec    .         Reflect  .   (no cloak)
rCorr    .         Harm     .   h - +0 pair of gloves
MR       .....                  (no boots)
Stlth    ..........             (no amulet)
HPRegen  0.00/turn              (no ring)
MPRegen  0.09/turn              (no ring)

@: non-regenerating
A: damage resistance, heal wounds, sense surroundings 1, no regeneration
a: Heal Wounds


You were on level 4 of the Dungeon.
You were not hungry.

You visited 1 branch of the dungeon, and saw 4 of its levels.

You collected 9 gold pieces.

Inventory:

Hand Weapons
 a - a +0 war axe (weapon)
Armour
 b - a +0 scale mail (worn)
 c - a +0 kite shield (worn)
 h - a +0 pair of gloves (worn)
   (You found it on level 3 of the Dungeon)
Scrolls
 f - 2 scrolls of identify {unknown}
Potions
 d - a potion of might
 i - 2 potions of ambrosia {unknown}
Comestibles
 e - 2 rations
 g - 10 chunks of flesh


   Skills:
 + Level 3.4 Fighting
 * Level 4.1 Axes
 + Level 4.1 Armour
 + Level 4.1 Shields


You had 4 spell levels left.
You didn't know any spells.
Your spell library was empty.

Dungeon Overview and Level Annotations

Branches:
Dungeon (4/15)             Temple (0/1) D:4

Altars:


Innate Abilities, Weirdness & Mutations

You are resistant to damage.
You can heal yourself by infusing magical energy.
You passively map a small area around you.
You do not regenerate.


Message History

You miss something. Something completely misses you.
You block something's attack.
You closely miss something.
You hear some strange, mumbled words.
A puff of flame appears from out of thin air!
The puff of flame hits you!
* * * LOW HITPOINT WARNING * * *
You miss something.
You hear some strange, mumbled words.
A magic dart appears from out of thin air!
The magic dart hits you but does no damage.
Your shield and scale mail prevent you from hitting something.
You hear some strange, mumbled words.
A magic dart appears from out of thin air!
The magic dart hits you!
* * * LOW HITPOINT WARNING * * *
You hear some strange, mumbled words.
A puff of flame appears from out of thin air!
The puff of flame hits you!
You die...

..#...##..# ,
#....#.#..#.## , * #.
#.#..#....#..# *, #.
..##....#..(# ,# * #.#
,....>..[†..###.### #..
, #....##(....#...., ..
** # ...#.?#..#.....#
#. ,
,#..#.#{..?##.###.# #.
, #..@#......# .# #.
#........#.##.###.# #.
####.#...#........# #)
.....###....#..#####.
....... #....#..<....)
#...###.*#............÷
, #.. * .
###.####...... #.. * ##
...* ######. #.## #.


There were no monsters in sight!

Vanquished Creatures
  A hound (D:4)
  3 orc wizards (D:4)
  Natasha (D:3)
  An adder (D:4)
  2 dart slugs
  4 orcs (D:4)
  A bat (D:3)
  A goblin (D:3)
  A hobgoblin (D:1)
  A ball python (D:3)
  3 frilled lizards
  3 kobolds (D:1)
22 creatures vanquished.

Notes
Turn   | Place    | Note
-------+----------+-------------------------------------------
     0 | D:1      | Flugkiller the Deep Dwarf Fighter began the quest for the
                  | Orb.
     0 | D:1      | Reached XP level 1. HP: 20/20 MP: 1/1
    64 | D:1      | Reached XP level 2. HP: 27/27 MP: 2/2
   121 | D:3      | Noticed Natasha
   137 | D:3      | Killed Natasha
   137 | D:3      | Reached XP level 3. HP: 30/34 MP: 3/3
   196 | D:4      | Reached XP level 4. HP: 20/42 MP: 4/4
   216 | D:4      | Reached XP level 5. HP: 36/49 MP: 5/5
   236 | D:4      | Found a staircase to the Ecumenical Temple.
   273 | D:4      | Killed from afar by an orc wizard

Illustrated notes

Levels and vault maps discovered:
D:1:      saegor_arrival_miasma, layout_loops_ring, minmay_tetromino_i4
D:2:      layout_loops_cross
D:3:      layout_basic, xom_butterflies, chequers_ecumenical_altar_island,
          kennysheep_generic_room_13, uniq_natasha, uniq_robin
D:4:      layout_loops_cross, minmay_temple_entry_mini_moons, serial_shops,
          kennysheep_mini, first_ration

Skill      XL: |  1  2  3  4 |
---------------+-------------+-----
Fighting       | 3 |  3.4
Axes           | 3 4 |  4.1
Armour         | 4 |  4.1
Shields        | 4 |  4.1

Action                   |  1- 3 |  4- 6 || total
-------------------------+-------+-------++-------
Melee: War axe           |    57 |    34 ||    91
 Abil: Heal Wounds       |     2 |     1 ||     3
Armor: Scale mail        |    31 |    43 ||    74
Dodge: Dodged            |    24 |    18 ||    42
Block: Kite shield       |    35 |    21 ||    56
